 Dungeon Crawl Stone Soup version 0.18-a0-33-g9e10395 (webtiles) character file.

1668 patman the Destroyer (level 8, -12/41 HPs)
             Began as a Deep Elf Venom Mage on Nov 4, 2015.
             Mangled by an orc warrior
             ... wielding a +0 scimitar
              (21 damage)
             ... on level 6 of the Dungeon on Nov 5, 2015.
             The game lasted 00:22:33 (7172 turns).

patman the Destroyer (Deep Elf Venom Mage)          Turns: 7172, Time: 00:22:33

Health: -12/41     AC:  5    Str:  5      XL:     8   Next: 69%
Magic:  1/14       EV: 15    Int: 23      God:
Gold:   202        SH:  0    Dex: 14 (15) Spells: 4 memorised, 1 level left

rFire  . . .     SeeInvis .     D - +1 whip (drain)
rCold  . . .     Clarity  .     a - +0 robe
rNeg   . . .     SustAt   .     (no shield)
rPois  .         Gourm    .     u - +0 helmet
rElec  .         Spirit   .     I - +0 cloak
rCorr  .         Warding  .     (no gloves)
rMut   .         Stasis   .     h - +0 pair of boots
MR     .....                    (no amulet)
Stlth  ++........               B - ring of stealth
                                g - +2 ring of evasion

@: confused, not resistant to hostile enchantments, unstealthy
A: no striking features
a: no special abilities


You were on level 6 of the Dungeon.
You were not hungry.

You visited 1 branch of the dungeon, and saw 6 of its levels.

You collected 202 gold pieces.

Inventory:

Hand Weapons
 y - a +0 dagger
 D - a +1 whip of draining (weapon)
 H - a +2 quarterstaff of chaos
Missiles
 e - 152 stones (quivered)
Armour
 a - a +0 robe (worn)
 h - a +0 pair of boots (worn)
 u - a +0 helmet (worn)
 I - a +0 cloak (worn)
Jewellery
 g - a +2 ring of evasion (left hand)
 v - an uncursed ring of sustain attributes
 B - a ring of stealth (right hand)
 F - an uncursed ring of fire
Wands
 G - a wand of fireball (1)
Scrolls
 d - a scroll of amnesia {unknown}
 i - a scroll of magic mapping {unknown}
 n - a scroll of noise {unknown}
 o - a scroll of teleportation {unknown}
 p - 2 scrolls of remove curse
 r - 2 scrolls of enchant weapon
 J - a scroll of immolation {unknown}
Potions
 j - 2 potions of ambrosia
 k - a potion of mutation
 l - 3 potions of flight
 m - a potion of curing
 q - a potion of brilliance
 s - 2 potions of might
 t - a potion of agility
 w - a potion of heal wounds {unknown}
 x - a potion of lignification {unknown}
 z - a potion of magic {unknown}
 A - a potion of haste {unknown}
 E - a potion of degeneration {unknown}
Books
 b - a Young Poisoner's Handbook

   Spells                             Type                      Level
   a - Sting                          Conjuration/Poison           1
   b - Cure Poison                    Poison                       2
   c - Mephitic Cloud                 Conjuration/Poison/Air       3
   d - Olgreb's Toxic Radiance        Poison                       4
   e - Venom Bolt                     Conjuration/Poison           5
 C - a book of Geomancy

   Spells                             Type                      Level
   a - Sandblast                      Earth                        1
   b - Stoneskin                      Transmutation/Earth          2
   c - Passwall                       Transmutation/Earth          3
   d - Stone Arrow                    Conjuration/Earth            3
   e - Petrify                        Transmutation/Earth          4
   f - Lee's Rapid Deconstruction     Earth                        5
Comestibles
 c - 3 bread rations
 f - 2 meat rations
 K - 4 chunks of flesh
 L - a slice of pizza


   Skills:
 - Level 2.4 Dodging
 - Level 2.4 Stealth
 - Level 3.0 Spellcasting
 * Level 9.2 Conjurations
 * Level 9.0 Poison Magic


You had one spell level left.
You knew the following spells:

 Your Spells              Type           Power        Failure   Level  Hunger
a - Sting                 Conj/Pois      ####         1%          1    None
c - Mephitic Cloud        Conj/Pois/Air  ####....     3%          3    ###....
d - Venom Bolt            Conj/Pois      #####.....   10%         5    ######.
s - Stone Arrow           Conj/Erth      ###...       8%          3    ###....


Dungeon Overview and Level Annotations

Branches:
Dungeon (6/15)
 Temple: D:4-7

Altars:
Cheibriados
Elyvilon
Yredelemnul
Zin

Shops:
D:4 =


Message History

Ouch! That really hurt!
You hit the orc warrior but do no damage.
You drain the orc warrior!
The orc warrior is severely wounded.
The orc warrior hits you with a scimitar.
Casting: Sting
Confirm with . or Enter, or press ? or * to list all spells.
Aiming: Sting
Press: ? - help, Shift-Dir - straight line, f/p - orc warrior
Aim: an orc warrior, wielding a scimitar and wearing a chain mail (severely wounded, poisoned, lightly drained)
The sting hits the orc warrior.
The orc warrior is almost dead.
The orc warrior looks more healthy.
The orc warrior hits you with a scimitar.
* * * LOW HITPOINT WARNING * * *
You hear some strange, mumbled words.
You are confused.
The orc warrior hits you with a scimitar!!
Ouch! That really hurt!
You die...

#[# .#..# <.. ### ...## #.# #..
...# ##+# #.# #.# #..# ##...
#.######.# #..# ##...[
##........# ###..## ##....<
####.....###.###.....####......
+............o..........'......
####.....###{.@......####......
##.#..###.###.##.## ##.....
###......# #.#### ##....
#.###### #.# ##... #.# #.# ##+#
#.# #.# #.# #.# #.# #.# #.# #..


You could see an orc warrior.

Vanquished Creatures
  Prince Ribbit (D:5)
  Eustachio (D:5)
  Duvessa (D:5)
  A centaur (D:5)
  4 ogres
  2 scorpions
  Dowan (D:5)
  2 crimson imps (D:5)
  2 hounds
  A jelly (D:5)
  An iguana (D:4)
  An orc priest (D:6)
  A gnoll shaman (D:3)
  3 orc wizards (D:5)
  Crazy Yiuf (D:5)
  Ijyb (D:3)
  5 worker ants
  Robin (D:2)
  10 adders
  4 worms
  3 giant geckos (D:4)
  4 orcs (D:5)
  6 ball pythons (D:2)
  2 giant cockroaches (D:5)
  14 goblins
  4 hobgoblins
  4 jackals (D:5)
  5 kobolds
  2 quokkas (D:2)
  2 bats
  A giant cockroach zombie (D:5)
  4 giant newts
  7 rats
102 creatures vanquished.

Notes
Turn   | Place    | Note
--------------------------------------------------------------
     0 | D:1      | patman the Deep Elf Venom Mage began the quest for the Orb.
     0 | D:1      | Reached XP level 1. HP: 10/10 MP: 6/6
   397 | D:1      | Reached XP level 2. HP: 15/15 MP: 5/8
   469 | D:1      | Reached skill level 5 in Poison Magic
  1178 | D:2      | Reached XP level 3. HP: 19/19 MP: 6/9
  1264 | D:2      | Noticed Robin
  1449 | D:2      | Killed Robin
  1681 | D:2      | Reached skill level 6 in Poison Magic
  1731 | D:2      | Learned a level 3 spell: Mephitic Cloud
  1774 | D:2      | Reached XP level 4. HP: 24/24 MP: 5/10
  1821 | D:2      | Reached skill level 1 in Conjurations
  2609 | D:3      | Found a snail-covered altar of Cheibriados.
  2634 | D:3      | Found a glowing silver altar of Zin.
  3050 | D:3      | Reached XP level 5. HP: 28/28 MP: 3/11
  3126 | D:3      | Noticed Ijyb
  3136 | D:3      | Killed Ijyb
  3249 | D:4      | Learned a level 5 spell: Venom Bolt
  3313 | D:4      | Found Woczoatigi's Jewellery Shop.
  3577 | D:4      | Noticed an ogre
  3586 | D:4      | Killed an ogre
  3586 | D:4      | Reached skill level 5 in Conjurations
  3586 | D:4      | Reached XP level 6. HP: 32/32 MP: 0/12
  4608 | D:5      | Entered Level 5 of the Dungeon
  4622 | D:5      | Reached XP level 7. HP: 36/36 MP: 8/13
  4810 | D:5      | Learned a level 3 spell: Stone Arrow
  5055 | D:5      | Noticed Prince Ribbit
  5085 | D:5      | HP: 1/36 [worker ant (3)]
  5093 | D:5      | Killed Prince Ribbit
  5093 | D:5      | Reached skill level 7 in Conjurations
  5641 | D:5      | Noticed Duvessa
  5641 | D:5      | Noticed Dowan
  5654 | D:5      | Killed Dowan
  5654 | D:5      | Reached XP level 8. HP: 35/41 MP: 9/14
  5682 | D:5      | Killed Duvessa
  5682 | D:5      | Reached skill level 8 in Conjurations
  5792 | D:5      | Noticed Eustachio
  5857 | D:5      | Killed Eustachio
  6085 | D:5      | Upgraded the game from 0.18-a0-29-gce27f3c to 0.18-a0-33-g9e10395
  6479 | D:5      | Noticed Crazy Yiuf
  6499 | D:5      | Killed Crazy Yiuf
  6609 | D:5      | Found a basalt altar of Yredelemnul.
  6665 | D:5      | Found a white marble altar of Elyvilon.
  6798 | D:5      | Reached skill level 9 in Conjurations
  7172 | D:6      | Mangled by an orc warrior

Vault maps used:
D:1:      evilmike_arrival_run_for_it
D:2:      corner_web_ring, st_stairs_14, minmay_snake_closets, uniq_robin
D:3:      lemuel_doored_altar, zin_scriptorium, uniq_iyjb
D:4:      first_bread, serial_shops, nicolae_shop_stone, serial_bayou_lagoon_a
D:5:      kennysheep_ying_yang, uniq_crazy_yiuf_cottage, uniq_prince_ribbit1,
          uniq_duvessa, uniq_eustachio
D:6:      lemuel_round_altar

Action                   |  1- 3 |  4- 6 |  7- 9 || total
-------------------------+-------+-------+-------++-------
Melee: Unarmed           |     2 |     4 |       ||     6
       Dagger            |       |     1 |       ||     1
       Whip              |       |     5 |    88 ||    93
Throw: Stone             |       |       |     2 ||     2
 Cast: Sting             |    93 |   109 |    75 ||   277
       Mephitic Cloud    |       |     2 |     5 ||     7
       Stone Arrow       |       |       |    15 ||    15
       Venom Bolt        |       |       |     6 ||     6
  Use: Scroll            |       |     4 |     5 ||     9
       Potion            |       |       |     3 ||     3
 Stab: Confused          |       |     1 |       ||     1
       Distracted        |       |       |     2 ||     2
  Eat: Chunk             |     2 |     4 |     8 ||    14
       Beef jerky        |       |     1 |       ||     1
       Meat ration       |       |     1 |       ||     1
       Royal jelly       |       |     1 |       ||     1
